 Dungeon Crawl Stone Soup version 0.31.0-11-ge490571c62 (webtiles) character file.

Game seed: 6193752936977602982

3017 Arcadio the Zephyrmancer (level 9, 0/45 HPs)
             Began as a Tengu Air Elementalist on Jan 28, 2024.
             Was a Believer of Sif Muna.
             Slain by a killer bee (2 damage)
             ... on level 8 of the Dungeon.
             The game lasted 00:19:24 (9066 turns).

Arcadio the Zephyrmancer (Tengu Air Elementalist)   Turns: 9066, Time: 00:19:25

Health: 0/45       AC:  5    Str: 14    XL:     9   Next: 85%
Magic:  13/20      EV: 19    Int: 20    God:    Sif Muna [**....]
Gold:   520        SH:  0    Dex: 14    Spells: 12/22 levels left

rFire   . . .        h - staff of air
rCold   + + +        (no shield)
rNeg    . . .        i - +2 leather armour {rPois}
rPois   +            (helmet restricted)
rElec   +            (no cloak)
rCorr   .            (no gloves)
SInv    .            (boots unavailable)
Will    .....        t - amulet of Brilliance {Faith rC+++ Str+5 Stlth-}
Stlth   +            u - +4 ring of slaying
HPRegen 0.27/turn    (no ring)
MPRegen 0.17/turn

%: acrobat, faith
@: about to teleport, flying
A: beak, talons 3, evasive flight, acrobatic
a: Renounce Religion, Channel Magic


You were on level 8 of the Dungeon.
You worshipped Sif Muna.
Sif Muna was pleased with you.
You visited 2 branches of the dungeon, and saw 9 of its levels.

You collected 520 gold pieces.

Inventory:

Hand Weapons
 z - a +3 short sword of freezing
Armour
 a - a +0 robe
 i - a +2 leather armour of poison resistance (worn)
 B - a +0 scale mail
Magical Staves
 h - a staff of air (weapon)
Jewellery
 q - an amulet of guardian spirit
 t - the amulet of Brilliance (around neck) {Faith rC+++ Str+5 Stlth-}
   (You found it on level 3 of the Dungeon)

   [amulet of faith]

   Faith:     It allows you to gain divine favour quickly.
   Str+5:     It affects your strength (+5).
   rC+++:     It renders you almost immune to cold.
   Stlth-:    It makes you less stealthy.
 u - a +4 ring of slaying (left hand)
 v - the amulet "Toimopreimo" {Acrobat rPois rC+ Regen+}
   (You found it on level 3 of the Dungeon)

   [amulet of the acrobat]

   Acrobat:   It increases your evasion while moving and waiting.
   rC+:       It protects you from cold.
   rPois:     It protects you from poison Regen+: It increases your rate of
   health regeneration.
 y - a ring of wizardry
Wands
 m - a wand of quicksilver (26)
 r - a wand of iceblast (10)
Scrolls
 e - a scroll of vulnerability
 f - 3 scrolls of immolation
 j - a scroll of silence
 l - 2 scrolls of teleportation
 n - 4 scrolls of fog
 p - a scroll of poison {unknown}
 w - a scroll of noise {unknown}
 x - a scroll of revelation {unknown}
 E - a scroll of enchant armour {unknown}
Potions
 b - a potion of magic
 c - 3 potions of cancellation
 d - 3 potions of might
 g - a potion of lignification
 k - a potion of heal wounds {unknown}
 o - 2 potions of resistance {unknown}
 s - a potion of curing {unknown}
 A - a potion of enlightenment {unknown}
 C - a potion of brilliance {unknown}
 D - a potion of mutation {unknown}
 F - a potion of invisibility {unknown}


   Skills:
 + Level 8.9 Dodging
 - Level 2.0 Stealth
 + Level 7.3 Spellcasting
 - Level 1.3 Conjurations
 + Level 10.8 Air Magic


You had 12 spell levels left.
You knew the following spells:

 Your Spells              Type           Power      Damage    Failure   Level
a - Shock                 Conj/Air       100%       1d9       1%          1
b - Static Discharge      Conj/Air       94%        3-7/arc   1%          2
c - Swiftness             Air            66%        N/A       1%          3
d - Airstrike             Air            33%        2d(5-21)  1%          4

Your spell library contained the following spells:

 Spells                   Type           Power      Damage    Failure   Level
 Mercury Vapours          Alch/Air       86%        N/A       1%          2
 Cigotuvi's Dreadful Rot  Necr/Alch/Air  64%        N/A       4%          2
 Mephitic Cloud           Conj/Alch/Air  35%        N/A       7%          3
 Kiss of Death            Conj/Necr      40%        2d8       9%          1
 Ensorcelled Hibernation  Hex/Ice        14%        N/A       19%         2
 Confusing Touch          Hex            7%         N/A       34%         3
 Fugue of the Fallen      Necr           7%         N/A       34%         3
 Passwall                 Erth           7%         N/A       34%         3
 Freezing Cloud           Conj/Ice/Air   17%        6-21      52%         5
 Anguish                  Hex/Necr       3%         N/A       75%         4
 Dispel Undead            Necr           7%         3d8       75%         4
 Ignite Poison            Fire/Alch      7%         N/A       75%         4


Dungeon Overview and Level Annotations

Branches:
Dungeon (8/15)             Temple (1/1) D:7
   Lair: D:8-11

Altars:
Ashenzari
Cheibriados
Dithmenos
Elyvilon
Fedhas
Gozag
Hepliaklqana
Kikubaaqudgha
Makhleb
Nemelex Xobeh
Okawaru
Qazlal
Ru
Sif Muna
Trog
Uskayaw
Vehumet
Wu Jian
Xom
Yredelemnul
Zin
The Shining One

Shops:
D:6 (


Innate Abilities, Weirdness & Mutations

You have a beak for a mouth.
You have claws for feet.
Your magical flight helps you evade attacks. (EV +4)
You can magically evade attacks while moving or waiting.


Message History

The zap hits the killer bee.
The killer bee is moderately wounded.
The zap hits the killer bee.
The killer bee is lightly wounded.
The killer bee stings you. The killer bee barely misses you.
The killer bee stings you. x2
Casting: Shock (safe; 1% risk of failure)
Confirm with . or Enter, or press ? or * to list all spells.
Aiming: Shock (safe; 1% risk of failure)
Press: ? - help, Shift-Dir - straight line, f/p - killer bee
Aim: a killer bee (moderately wounded, 48% to hit)
You feel a surge of power!
The zap misses the killer bee. x2
The zap hits the killer bee.
The killer bee is heavily wounded.
The zap misses the killer bee.
The killer bee closely misses you. The killer bee completely misses you.
The killer bee closely misses you. The killer bee stings you.
Casting: Shock (safe; 1% risk of failure)
Confirm with . or Enter, or press ? or * to list all spells.
Aiming: Shock (safe; 1% risk of failure)
Press: ? - help, Shift-Dir - straight line, f/p - killer bee
Aim: a killer bee (heavily wounded, 48% to hit)
You feel a surge of power!
The zap hits the killer bee.
The killer bee is severely wounded.
The zap hits the killer bee.
The killer bee is heavily wounded.
The zap hits the killer bee!
The killer bee is almost dead.
The zap hits the killer bee!
The killer bee is severely wounded.
The killer bee completely misses you. x2; The killer bee stings you!
* * * LOW HITPOINT WARNING * * *
The killer bee stings you.
* * * LOW HITPOINT WARNING * * *
Okay, then.
Okay, then.
Okay, then.
As you read the scroll of teleportation, it crumbles to dust.
You feel strangely unstable. The killer bee stings you.
You die...

#... ##### . #...
#...# .. #.... #...#
... #....###...#
.... #..........###
.....
#.....[....@y###...#
#..........#yyyy.#
#.......########.#
#....).............
####.##)..#########


yy. ........)........ .y. ###..)<..####### ## #.#..### #.##.) You could see 5
killer bees.

Vanquished Creatures
  A manticore (D:7)
  Grinder (D:5)
  Eustachio (D:5)
  3 water moccasins (D:7)
  An orc warrior (D:7)
  2 ogres (D:5)
  The ghost of SolarTheDude the Insei, an amateur DsSh of Kikubaaqudgha (D:3)
  2 bullfrogs
  A water moccasin zombie (D:3)
  2 scorpions
  3 wights (D:6)
  4 killer bees
  2 howler monkeys
  3 bombardier beetles (D:5)
  A bullfrog zombie (D:3)
  2 jellies (D:5)
  4 hounds
  A bullfrog skeleton (D:3)
  A gnoll bouda (D:8)
  An orc priest (D:3)
  4 iguanas
  A sleepcap (D:6)
  6 orc wizards
  Robin (D:4)
  3 adders
  6 gnolls
  5 shadow imps
  2 white imps
  A ribbon worm (D:3)
  4 dart slugs
  14 orcs
  7 ball pythons
  5 bats
  5 endoplasms
  5 giant cockroaches
  8 goblins
  12 hobgoblins
  4 kobolds
  4 quokkas
  4 frilled lizards
  7 rats
145 creatures vanquished.

Vanquished Creatures (others)
  An orc wizard (D:6)
1 creature vanquished.

Grand Total: 146 creatures vanquished

Notes
Turn   | Place    | Note
-------+----------+-------------------------------------------
     0 | D:1      | Arcadio the Tengu Air Elementalist began the quest for the
                  | Orb.
     0 | D:1      | Reached XP level 1. HP: 10/10 MP: 4/4
   144 | D:1      | Reached XP level 2. HP: 15/15 MP: 0/6
   803 | D:1      | Reached XP level 3. HP: 19/19 MP: 5/7
   883 | D:1      | Learned a level 2 spell: Static Discharge
   887 | D:1      | Learned a level 3 spell: Swiftness
  1800 | D:2      | Reached XP level 4. HP: 24/24 MP: 3/9
  2205 | D:3      | Reached skill level 5 in Air Magic
  2521 | D:3      | Found a hazy altar of Hepliaklqana.
  2524 | D:3      | Found a sparkling altar of Nemelex Xobeh.
  2529 | D:3      | Found a basalt altar of Yredelemnul.
  2680 | D:3      | Reached XP level 5. HP: 28/28 MP: 8/10
  2725 | D:3      | You fall into a shaft and drop 2 floors!
  2725 | D:5      | Entered Level 5 of the Dungeon
  2734 | D:5      | Found a stormy altar of Qazlal.
  2736 | D:5      | Found an iron altar of Okawaru.
  2750 | D:5      | Noticed an ogre
  2751 | D:5      | Noticed Grinder
  3022 | D:5      | Killed an ogre
  3023 | D:5      | Reached skill level 6 in Air Magic
  3023 | D:5      | Reached XP level 6. HP: 27/32 MP: 5/12
  3485 | D:5      | Reached skill level 5 in Dodging
  3485 | D:5      | Gained mutation: Your magical flight helps you evade
                  | attacks. (EV +4) [Tengu growth]
  3485 | D:5      | Reached XP level 7. HP: 36/36 MP: 7/14
  3708 | D:5      | Noticed Eustachio
  3831 | D:4      | Reached skill level 7 in Air Magic
  4086 | D:3      | Found a faded altar of an unknown god.
  4086 | D:3      | Identified the amulet of Brilliance {Faith rC+++ Str+5
                  | Stlth-}
  4114 | D:3      | Found a shimmering blue altar of Sif Muna.
  4119 | D:3      | Became a worshipper of Sif Muna the Loreminder
  4125 | D:3      | Learned a level 4 spell: Airstrike
  4234 | D:3      | Identified the amulet "Toimopreimo" {Acrobat rPois rC+
                  | Regen+}
  4333 | D:3      | Found a runed translucent gate.
  4333 | D:3      | Found a runed translucent gate.
  4333 | D:3      | Found a runed translucent gate.
  4334 | D:3      | Noticed SolarTheDude's ghost (amateur DsSh)
  4657 | D:3      | Killed SolarTheDude's ghost
  4658 | D:3      | Reached XP level 8. HP: 40/41 MP: 7/16
  4890 | D:4      | Noticed Robin
  4892 | D:4      | Reached skill level 5 in Spellcasting
  4900 | D:4      | Killed Robin
  5685 | D:5      | Reached skill level 8 in Air Magic
  5831 | D:5      | Killed Grinder
  6333 | D:5      | Killed Eustachio
  6628 | D:6      | Reached skill level 9 in Air Magic
  6630 | D:6      | Reached * piety under Sif Muna
  6836 | D:6      | Reached XP level 9. HP: 38/45 MP: 12/19
  7116 | D:6      | Found Foan's Antique Weapon Shoppe.
  7622 | D:7      | Reached ** piety under Sif Muna
  7626 | D:7      | Found a staircase to the Ecumenical Temple.
  7631 | D:7      | Reached skill level 10 in Air Magic
  7652 | Temple   | Entered the Ecumenical Temple
  8021 | D:7      | Noticed a manticore
  8027 | D:7      | HP: 1/45 [manticore (9)]
  8028 | D:7      | Killed a manticore
  9065 | D:8      | HP: 2/45 [killer bee (6)]
  9066 | D:8      | Slain by a killer bee

Illustrated notes

Levels and vault maps discovered:
D:1:      ebering_trefoil_3fold, layout_loops_ring
D:2:      layout_basic, minmay_randomly_rotated_circles
D:3:      layout_basic, nicolae_sif_muna_little_library,
          grunt_temple_overflow_diamond, gammafunk_ghost_necromancy,
          nicolae_ecumenical_lake_church
D:4:      layout_loops_cross, enter_ossuary_1, uniq_robin
D:5:      layout_basic, chequers_temple_overflow_statue_of_worship,
          uniq_grinder, uniq_eustachio
D:6:      layout_basic, serial_shops, shop, billiards_dpeg
D:7:      layout_basic, minmay_temple_entry_glass
D:8:      layout_rooms
Temple:   minmay_temple_bridge_d

Skill      XL: |  1  2  3  4  5  6  7  8  9 |
---------------+----------------------------+-----
Dodging        | 3 4 5 6 7 8 |  8.9
Air Magic      | 5 6 7 9 10 | 10.8
Spellcasting   | 3 4 6 7 |  7.3
Stealth        | |  2.0
Conjurations   | |  1.3

Action                     |  1- 3 |  4- 6 |  7- 9 || total
---------------------------+-------+-------+-------++-------
  Melee: Unarmed           |     4 |       |       ||     4
         Peck              |     2 |     2 |     1 ||     5
         Staff             |     4 |    20 |    10 ||    34
         Kick              |     2 |     7 |     4 ||    13
   Cast: Shock             |    64 |    49 |   187 ||   300
         Static Discharge  |       |    15 |    40 ||    55
         Airstrike         |       |       |    16 ||    16
    Use: Scroll            |     5 |     2 |     2 ||     9
 Armour: Robe              |     6 |       |       ||     6
         Leather armour    |     1 |    36 |   105 ||   142
  Dodge: Dodged            |    10 |    30 |   100 ||   140
